 Dungeon Crawl Stone Soup version 0.22-a0-402-ga933591 (webtiles) character file.

22078 Borgoz the Fighter (level 12, -11/81 HPs)
             Began as a Gargoyle Fighter on May 7, 2018.
             Was a Priest of Ashenzari.
             Killed from afar by Erolcha (49 damage)
             ... with a crystal spear
             ... on level 2 of the Orcish Mines.
             The game lasted 00:25:56 (13146 turns).

Borgoz the Fighter (Gargoyle Fighter)              Turns: 13146, Time: 00:25:57

Health: -11/81     AC: 19    Str: 20    XL:     12   Next: 96%
Magic:  12/12      EV:  6    Int: 10    God:    Ashenzari [***...]
Gold:   1665       SH: 12    Dex: 13    Spells: 11/11 levels left

rFire    + + .     SeeInvis +   g - +1 whip (elec) (curse)
rCold    + + .     Gourm    .   c - +0 shield
rNeg     + . .     Faith    .   w - +0 plate armour
rPois    ∞         Spirit   .   (no helmet)
rElec    +         Reflect  .   l - scarf {rC+ rF+}
rCorr    +         Harm     .   (no gloves)
MR       .....                  (no boots)
Stlth    ..........             (no amulet)
HPRegen  0.23/turn              (no ring)
MPRegen  0.13/turn              (no ring)

@: resistant, slowed, drained, very slow
A: deformed body, negative energy resistance 1, electricity resistance,
unbreathing, petrification resistance, rot immunity, AC +8
a: Curse Item, Scrying, Renounce Religion


You were on level 2 of the Orcish Mines.
You worshipped Ashenzari.
Ashenzari was most pleased with you.
You were not hungry.

You visited 3 branches of the dungeon, and saw 14 of its levels.

You collected 1665 gold pieces.

Inventory:

Hand Weapons
 g - a cursed +1 whip of electrocution (weapon)
Armour
 c - a +0 shield (worn)
 l - a scarf of resistance (worn)
 w - a +0 plate armour (worn)
Jewellery
 h - a +2 ring of intelligence
 r - an uncursed amulet of harm
 z - an uncursed ring of stealth
 D - an uncursed amulet of faith
 G - an uncursed ring of magical power
 J - an uncursed ring of ice
Wands
 p - a wand of iceblast (8)
Scrolls
 b - a scroll of magic mapping {unknown}
 i - 2 scrolls of blinking
 m - a scroll of amnesia
 n - 4 scrolls of teleportation {unknown}
 o - a scroll of immolation {unknown}
 u - a scroll of torment {unknown}
 y - 2 scrolls of remove curse
 A - a scroll of enchant weapon {unknown}
 B - a scroll of holy word {unknown}
 F - 2 scrolls of fog {unknown}
Potions
 a - 3 potions of resistance
 e - 5 potions of haste
 k - 4 potions of curing
 q - a potion of agility {unknown}
 s - a potion of brilliance {unknown}
 t - a potion of lignification {unknown}
 v - a potion of magic {unknown}
 x - 2 potions of ambrosia {unknown}
 C - a potion of cancellation {unknown}
 E - a potion of mutation {unknown}
 I - a potion of degeneration {unknown}
Comestibles
 d - 4 chunks of flesh
 f - 20 rations


   Skills:
 + Level 12.0(11.6) Fighting
 + Level 10.9(13.1) Maces & Flails
 + Level 11.9(11.6) Armour
 + Level 11.9(11.6) Shields


You had 11 spell levels left.
You didn't know any spells.

Dungeon Overview and Level Annotations

Branches:
Dungeon (11/15)            Temple (1/1) D:7            Lair (0/6) D:11
    Orc (2/2) D:9             Elf (0/3) Orc:2

Altars:
Ashenzari
Cheibriados
Dithmenos
Elyvilon
Fedhas
Gozag
Hepliaklqana
Kikubaaqudgha
Makhleb
Nemelex Xobeh
Okawaru
Qazlal
Ru
Sif Muna
Trog
Uskayaw
Vehumet
Wu Jian
Xom
Yredelemnul
Zin
The Shining One
Beogh

Shops:
D:4 }   Orc:2 :

Annotations:
Orc:2 Erolcha


Innate Abilities, Weirdness & Mutations

You are resistant to torment.
Your stone body is resilient. (AC +8)
You are immune to poison.
You resist negative energy. (rN+)
You are resistant to electric shocks. (rElec)
You can survive without breathing.
You are immune to petrification.
You are immune to rotting.
Armour fits poorly on your strangely shaped body.


Message History

You block Erolcha's attack. The orc hits you but does no damage.
You hit Erolcha.
Erolcha is heavily wounded.
Erolcha points at you and mumbles some strange words.
The bolt of cold hits you! You resist. The orc hits you but does no damage.
Your plate armour prevents you from hitting Erolcha.
Erolcha is moderately wounded.
You block Erolcha's attack. The orc hits you with a dagger.
The orc wizard gestures wildly while chanting.
The orc wizard flickers and vanishes for a moment.
You hit Erolcha.
Erolcha is moderately wounded.
Erolcha completely misses you.
You hit Erolcha.
Erolcha is heavily wounded.
You block the orc's attack. Erolcha casts a spell at you.
The crystal spear hits you!
Ouch! That really hurt!
You die...

§≈....#......8......#
≈≈≈....[............. ,,
≈≈≈...§[......§§§.§§.
≈≈≈..≈≈≈≈≈§§≈≈§§§≈§≈≈≈,
§≈...§###############
≈....≈##§.8..∩..8.≈#*
≈..8..##§.))......≈# , ,
§§....##§.†)...)..≈#* ≈
§#'#)###.))#####@o.#
##..[[....≈#####≈O..o...,
#........)§≈≈≈≈≈≈.......
*
§.8.......)....§........
§§#............§........
≈≈#_.....###'''###....._
# ###8..##,......##..8##
≈ *≈≈...## ........ #...≈
*#≈§≈## 8.... ≈


You could see Erolcha, an orc wizard (invisible) and an orc.

Vanquished Creatures
  An orc warlord (Orc:1)
  Snorg (Orc:2)
  Fannar (Orc:2)
  A two-headed ogre (D:8)
  An ogre mage (Orc:2)
  Nergalle (D:9)
  An orc knight (Orc:2)
  An ugly thing (D:10)
  Maurice (D:10)
  10 orc sorcerers
  A cyclops (D:9)
  A centaur zombie (D:10)
  A gargoyle (D:10)
  6 trolls
  The ghost of Roran the Ruffian, an amateur NaTm (D:4)
  A hornet (D:8)
  4 hippogriffs
  14 yaks
  6 wargs
  A steam dragon (D:8)
  Edmund (D:5)
  A water moccasin (D:6)
  3 ice beasts
  10 orc warriors
  2 sky beasts
  A black bear (D:8)
  13 ogres
  A necrophage (D:8)
  A crocodile (D:8)
  4 centaurs
  A big kobold (D:9)
  A gnoll sergeant (D:7)
  5 bullfrogs
  2 scorpions
  A wyvern skeleton (D:9)
  A howler monkey (D:6)
  4 wights (D:10)
  4 crimson imps
  3 hounds
  2 centaur skeletons
  A bullfrog skeleton (D:9)
  3 bullfrog zombies
  3 jellies
  9 orc priests
  22 orc wizards
  11 worker ants
  3 iguanas
  Ijyb (D:4)
  2 hound zombies
  A hound skeleton (D:4)
  A worker ant zombie (D:9)
  11 gnolls
  13 adders
  2 shadow imps
  2 oozes
  2 adder skeletons
  An adder zombie (D:7)
  4 worms
  A dart slug (D:1)
  6 leopard geckos
  41 orcs
  3 giant cockroaches
  2 gnoll zombies (D:7)
  2 goblins
  10 hobgoblins
  20 jackals
  3 quokkas
  A ball python (D:1)
  4 bats
  3 frilled lizards
  17 kobolds
  A leopard gecko skeleton (D:7)
  A leopard gecko zombie (D:8)
  5 rats
328 creatures vanquished.

Vanquished Creatures (others)
  2 orc wizards (Orc:2)
  4 orcs
6 creatures vanquished.

Grand Total: 334 creatures vanquished

Notes
Turn   | Place    | Note
-------+----------+-------------------------------------------
     0 | D:1      | Borgoz the Gargoyle Fighter began the quest for the Orb.
     0 | D:1      | Reached XP level 1. HP: 14/14 MP: 1/1
   130 | D:1      | Reached XP level 2. HP: 19/19 MP: 2/2
   301 | D:1      | Reached XP level 3. HP: 23/23 MP: 3/3
   862 | D:2      | Reached XP level 4. HP: 29/29 MP: 4/4
  1203 | D:2      | Reached skill level 4 in Fighting
  1271 | D:3      | Found a hazy altar of Hepliaklqana.
  1384 | D:3      | Reached XP level 5. HP: 24/33 MP: 5/5
  1521 | D:3      | Found a shattered altar of Ashenzari.
  1527 | D:3      | Became a worshipper of Ashenzari the Shackled
  1549 | D:3      | Found a radiant altar of Vehumet.
  1549 | D:3      | Found an ornate altar of the Wu Jian Council.
  1793 | D:4      | Reached XP level 6. HP: 29/39 MP: 6/6
  2173 | D:4      | Found an opulent altar of Gozag.
  2174 | D:4      | Noticed Roran's ghost (amateur NaTm)
  2192 | D:4      | Killed Roran's ghost
  2192 | D:4      | Reached skill level 5 in Fighting
  2192 | D:4      | Reached skill level 5 in Armour
  2192 | D:4      | Reached skill level 5 in Shields
  2192 | D:4      | Reached XP level 7. HP: 34/44 MP: 7/7
  2324 | D:4      | Noticed Ijyb
  2330 | D:4      | Killed Ijyb
  2466 | D:4      | Found Ocozo's Gadget Shop.
  2530 | D:4      | Found a snail-covered altar of Cheibriados.
  2688 | D:5      | Entered Level 5 of the Dungeon
  2954 | D:5      | Reached XP level 8. HP: 33/51 MP: 8/8
  3175 | D:5      | Reached * piety under Ashenzari
  3225 | D:5      | Noticed Edmund
  3241 | D:5      | Killed Edmund
  3241 | D:5      | Reached skill level 6 in Fighting
  3241 | D:5      | Reached skill level 5 in Maces & Flails
  4374 | D:7      | Reached XP level 9. HP: 56/56 MP: 9/9
  4376 | D:7      | Reached skill level 7 in Fighting
  4850 | D:7      | Found a staircase to the Ecumenical Temple.
  4861 | Temple   | Entered the Ecumenical Temple
  5004 | D:7      | Found a sparkling altar of Nemelex Xobeh.
  5021 | D:7      | Reached ** piety under Ashenzari
  5336 | D:7      | Found a bloodstained altar of Trog.
  5391 | D:7      | Found an ancient bone altar of Kikubaaqudgha.
  5392 | D:7      | Found a blossoming altar of Fedhas.
  5673 | D:7      | Found a basalt altar of Yredelemnul.
  5815 | D:7      | Reached skill level 8 in Fighting
  6366 | D:8      | Reached XP level 10. HP: 64/64 MP: 10/10
  6380 | D:8      | Noticed a two-headed ogre
  6400 | D:8      | Killed a two-headed ogre
  6938 | D:8      | Reached skill level 9 in Fighting
  7047 | D:8      | Reached *** piety under Ashenzari
  7465 | D:9      | Found a staircase to the Orcish Mines.
  7645 | D:9      | Reached XP level 11. HP: 51/72 MP: 11/11
  7722 | D:9      | Identified the cursed +1 hand crossbow of the Beast {freeze, Fragile Int+3}
  7782 | D:9      | Found a hide-covered altar of Uskayaw.
  7785 | D:9      | Found a shadowy altar of Dithmenos.
  7895 | D:10     | Entered Level 10 of the Dungeon
  7920 | D:10     | Reached skill level 10 in Fighting
  7959 | D:10     | Reached skill level 10 in Shields
  8105 | D:10     | Reached skill level 10 in Armour
  8201 | D:10     | Noticed a white ugly thing
  8232 | D:10     | Killed a white ugly thing
  8452 | D:10     | Noticed Maurice
  8476 | D:10     | Killed Maurice
  8630 | D:11     | Found a staircase to the Lair.
  8630 | D:11     | Noticed a death yak
  8630 | D:11     | Noticed a death yak
  8744 | Orc:1    | Entered Level 1 of the Orcish Mines
  8781 | Orc:1    | Noticed a cyclops
  9212 | D:9      | Killed a cyclops
  9221 | Orc:1    | Noticed an orc warlord
  9224 | Orc:1    | Noticed Nergalle
  9224 | Orc:1    | Noticed an orc sorcerer
  9405 | D:9      | Killed an orc sorcerer
  9664 | D:9      | Killed Nergalle
 10160 | Orc:1    | Killed an orc warlord
 10160 | Orc:1    | Reached skill level 11 in Fighting
 10160 | Orc:1    | Reached XP level 12. HP: 19/80 MP: 12/12
 10442 | Orc:1    | Found a roughly hewn altar of Beogh.
 10482 | Orc:1    | Reached skill level 10 in Maces & Flails
 10791 | Orc:2    | Entered Level 2 of the Orcish Mines
 10791 | Orc:2    | Found a staircase to the Elven Halls.
 10852 | Orc:2    | Noticed Snorg
 10863 | Orc:2    | Killed Snorg
 10881 | Orc:1    | Noticed Fannar
 10903 | Orc:2    | Killed Fannar
 12666 | Orc:2    | Found an ancient bone altar of Kikubaaqudgha.
 12666 | Orc:2    | Noticed an ogre mage
 12681 | Orc:2    | Killed an ogre mage
 12684 | Orc:2    | Paralysed by an orc sorcerer for 2 turns
 12688 | Orc:2    | Gained mutation: Armour fits poorly on your strangely shaped body. [a neqoxec]
 12699 | Orc:2    | Paralysed by an orc sorcerer for 4 turns
 12731 | Orc:2    | Paralysed by an orc sorcerer for 6 turns
 13044 | Orc:2    | Found Davelose's Book Boutique.
 13119 | Orc:2    | Reached skill level 12 in Fighting
 13123 | Orc:2    | Noticed Erolcha
 13134 | Orc:2    | Found a radiant altar of Vehumet.
 13146 | Orc:2    | Killed from afar by Erolcha

Vault maps used:
D:1:      minmay_arrival_arboretum_small, minmay_misc_feat_room,
          minmay_misc_feat_four_crosses, minmay_misc_feat_plants, minivault_23
D:2:      kennysheep_decorative_pillar
D:3:      lemuel_doored_altar, overflow_temple_1_default,
          gammafunk_temple_overflow_statue, first_ration, minivault_19,
          item_on_display_a
D:4:      cheibriados_altar_1, grunt_gozag_statues, serial_shops,
          nicolae_shop_crystal, uniq_ijyb
D:5:      uniq_edmund
D:7:      grunt_temple_overflow_growth_and_decay,
          nemelex_xobeh_ov_fountains_minmay, lemuel_zombie_altar_yredelemnul,
          lightli_temple_of_fire, minmay_temple_entry_glass
D:9:      minitemple, minmay_orc_entry_guard_dogs
D:10:     uniq_maurice
D:11:     dpeg_lair_monsters, the_bakery
Temple:   nicolae_temple_figure_zero
Orc:1:    nicolae_orc_flooded_monolith, mines2_david, uniq_fannar,
          uniq_nergalle, uniq_urug
Orc:2:    kennysheep_orc_mage_school, uniq_snorg

Skill      XL: |  1  2  3  4  5  6  7  8  9 10 11 12 |
---------------+-------------------------------------+-----
Fighting       | 4 5 6 8 9 11 12 | 12.0
Armour         | 4 5 6 8 9 10 11 | 11.9
Shields        | 4 5 6 8 9 10 11 | 11.9
Maces & Flails | 3 4 5 7 8 9 10 | 10.9

Action                   |  1- 3 |  4- 6 |  7- 9 | 10-12 || total
-------------------------+-------+-------+-------+-------++-------
Melee: Whip              |    76 |   228 |   449 |  1000 ||  1753
       Flail             |    12 |       |       |       ||    12
Invok: Curse Item        |       |     1 |       |       ||     1
Evoke: Wand              |       |       |       |     2 ||     2
  Use: Scroll            |       |     8 |     1 |     1 ||    10
       Potion            |       |       |     1 |     6 ||     7
  Eat: Chunk             |       |     4 |    11 |    22 ||    37
       Ration            |       |       |     1 |       ||     1
Armor: Scale mail        |    40 |   149 |    75 |       ||   264
       Plate armour      |       |       |    98 |   348 ||   446
Dodge: Dodged            |    27 |    74 |    82 |   117 ||   300
Block: Shield            |    35 |   109 |   196 |   438 ||   778

Table legend:
 A = Spawn XP
 B = Non-spawn XP
 C = Spawn XP percentage of total XP
 D = Spawn monster count
 E = Non-spawn monster count
 F = Spawn count percentage of total count
 G = Total turns spent on level
                    A         B        C        D         E        F      G
               +---------+---------+-------+---------+---------+-------+---------
         Total |       0 |   31541 |   0.0 |       0 |     328 |   0.0 | 13146
               +---------+---------+-------+---------+---------+-------+---------
           D:1 |       0 |      49 |   0.0 |       0 |      22 |   0.0 |   614
           D:2 |       0 |      58 |   0.0 |       0 |      18 |   0.0 |   595
           D:3 |       0 |     176 |   0.0 |       0 |      23 |   0.0 |   537
           D:4 |       0 |     655 |   0.0 |       0 |      20 |   0.0 |   942
           D:5 |       0 |     707 |   0.0 |       0 |      18 |   0.0 |   964
           D:6 |       0 |     967 |   0.0 |       0 |      18 |   0.0 |  1025
           D:7 |       0 |    1537 |   0.0 |       0 |      38 |   0.0 |  1275
           D:8 |       0 |    2649 |   0.0 |       0 |      32 |   0.0 |  1127
           D:9 |       0 |    6322 |   0.0 |       0 |      53 |   0.0 |  2022
          D:10 |       0 |    4101 |   0.0 |       0 |      25 |   0.0 |   704
         Orc:1 |       0 |    3521 |   0.0 |       0 |      16 |   0.0 |  1164
         Orc:2 |       0 |   10799 |   0.0 |       0 |      45 |   0.0 |  1938
               +---------+---------+-------+---------+---------+-------+---------
